 Dungeon Crawl Stone Soup version 0.31.0-32-g396128a36d (webtiles) character file.

Game seed: 14241702001715900374

30 monsoonserge the Ruffian (level 3, 28/28 HPs)
             Began as a Gnoll Shapeshifter on Apr 4, 2024.
             Was a Follower of Trog.
             Got out of the dungeon alive.
             The game lasted 00:01:32 (594 turns).

monsoonserge the Ruffian (Gnoll Shapeshifter)        Turns: 594, Time: 00:01:32

Health: 28/28      AC:  5    Str: 15    XL:     3   Next: 20%
Magic:  4/4        EV: 11    Int:  9    God:    Trog [*.....]
Gold:   38         SH:  0    Dex: 11    Spells: 3/3 levels left

rFire   . .          .
                       - Unarmed
rCold   . . .        (no shield)
rNeg    . . .        j - +0 ring mail
rPois   .            (helmet currently unavailable)
rElec   .            (cloak currently unavailable)
rCorr   .            (gloves currently unavailable)
SInv    .            (boots currently unavailable)
Will    .....        (no amulet)
Stlth   +            (no ring)
HPRegen 0.24/turn    (no ring)
MPRegen 0.09/turn

%: no passive effects
@: beast-form
A: beast (slay +3), fangs 1, strong nose, distributed training
a: Begin Untransformation, Renounce Religion, Berserk


You escaped.
You worshipped Trog.
Trog was aware of your devotion.
You were a hulking beast.
You visited 1 branch of the dungeon, and saw 1 of its levels.

You collected 38 gold pieces.

Inventory:

Armour
 j - a +0 ring mail (worn)
Talismans
 c - a beast talisman
 d - a flux talisman
Scrolls
 e - 3 scrolls of identify {unknown}
 f - a scroll of fog {unknown}
 g - a scroll of teleportation {unknown}
 h - a scroll of vulnerability {unknown}
 i - a scroll of fear {unknown}
Potions
 b - a potion of lignification


   Skills:
 + Level 2.6 Fighting
 + Level 0.7 Short Blades
 + Level 0.7 Long Blades
 + Level 0.7 Axes
 + Level 0.7 Maces & Flails
 + Level 0.7 Polearms
 + Level 0.7 Staves
 + Level 0.7 Ranged Weapons
 + Level 0.7 Throwing
 + Level 0.7 Armour
 + Level 4.5 Dodging
 + Level 0.7 Stealth
 + Level 0.7 Shields
 + Level 6.5 Unarmed Combat
 + Level 0.7 Spellcasting
 + Level 0.5 Conjurations
 + Level 0.5 Hexes
 + Level 0.5 Summonings
 + Level 0.5 Necromancy
 + Level 0.5 Translocations
 + Level 0.5 Fire Magic
 + Level 0.5 Ice Magic
 + Level 0.5 Air Magic
 + Level 0.5 Earth Magic
 + Level 0.5 Alchemy
 + Level 0.9 Invocations
 + Level 0.7 Evocations
 + Level 6.5 Shapeshifting


You had 3 spell levels left.
You didn't know any spells.
Your spell library was empty.

Dungeon Overview and Level Annotations

Branches:
Dungeon (1/15)

Altars:
Trog


Innate Abilities, Weirdness & Mutations

You are a hulking beast.
Your limbs bulge with bestial killing power. (Slay +3)
You have very sharp teeth.
Your uncanny sense of smell can sniff out nearby items.
Your experience applies equally to all skills.


Message History

There is a faded altar of an unknown god here.
This altar belongs to (a) Ignis, (b) Ru or (c) Trog, but you can't tell which.
Press the corresponding letter to learn more about a god, or press enter to convert or escape to cancel.
Okay, then.
Unknown command.
Press < or > to pray at altars.
Items here: )) ††.
a - a +1 whip of electrocution You are a hulking beast.
Your movement speed is average.
Your attack delay is about 0.8.
Your damage rating with unarmed combat is about 13 (Base [3 + 6 (UC)] x 112% (Str) x 104% (Fight) + 3 (Slay)).
You hear the crackle of electricity.
a - a +1 whip of electrocution (weapon)
You are a hulking beast.
Your movement speed is average.
Your attack delay is about 1.0.
Your damage rating with your +1 whip of electrocution is about 11 (Base 6 x 112% (Str) x 105% (Skill) + 4 (Ench + Slay)).
Your +1 whip of electrocution stops crackling.
You are now empty-handed.
You drop a +1 whip of electrocution.
There is a faded altar of an unknown god here.
This altar belongs to (a) Ignis, (b) Ru or (c) Trog, but you can't tell which.
Press the corresponding letter to learn more about a god, or press enter to convert or escape to cancel.
Trog accepts your prayer! Trog welcomes you!
You can now go berserk at will.
A kobold comes into view. It is wielding a +0 short sword.
The kobold shouts!
Found 13 gold pieces.
The kobold barely misses you.
You punch the kobold!
You kill the kobold!
Trog accepts your kill.
Things that are here:
a +0 short sword; a stone; a kobold corpse You enter the shallow water.
Moving in this stuff is going to be slow.
There is an open gate here.
There is an open door here.
There is a stone staircase leading down here.
You open the door.
There is an open door here.
There is a staircase leading out of the dungeon here.
You have escaped!

..#...#.[.##P.....P..##...#...#..
..#...#...##'#.....#'##...#...#..
'##...#...##.###'###.##...#...##'
.###..#...#...#...#...#...#..###.
...#'##...#...#.>.#...#...##'#...
......##'###'##...##'###'##......
##...........###'###...........##
######.....................######
...)[######.....h.....######.....
####......#############......####
# ######...###.........###### #
#####.....######### ####
#......#### ...# #....>#######
...####...........#
..................#
.....#............#


There were no monsters in sight!

Vanquished Creatures
  2 dart slugs (D:1)
  3 ball pythons (D:1)
  3 bats (D:1)
  4 endoplasms (D:1)
  2 giant cockroaches (D:1)
  A goblin (D:1)
  A hobgoblin (D:1)
  2 kobolds (D:1)
  A quokka (D:1)
  2 frilled lizards (D:1)
  A rat (D:1)
22 creatures vanquished.

Notes
Turn   | Place    | Note
-------+----------+-------------------------------------------
     0 | D:1      | monsoonserge the Gnoll Shapeshifter began the quest for the
                  | Orb.
     0 | D:1      | Reached XP level 1. HP: 17/17 MP: 1/1
   241 | D:1      | Reached XP level 2. HP: 23/23 MP: 2/2
   412 | D:1      | Reached XP level 3. HP: 24/28 MP: 3/3
   436 | D:1      | Found a faded altar of an unknown god.
   460 | D:1      | Prayed at the altar of an unknown god.
   460 | D:1      | Became a worshipper of Trog the Wrathful
   460 | D:1      | Reached * piety under Trog
   594 | D:$      | Got out of the dungeon alive.

Illustrated notes

Levels and vault maps discovered:
D:1:      dpeg_arrival_water_fire, layout_basic,
          chequers_ecumenical_altar_simple

Action                     || total
---------------------------++-------
  Melee: Unarmed           ||    39
         Punch             ||     2
         Bite              ||     1
   Stab: Sleeping          ||     1
 Armour: Animal skin       ||     5
         Ring mail         ||    14
  Dodge: Dodged            ||    22
